 Dungeon Crawl Stone Soup version 0.24.0-1-gfbc8707122 (webtiles) character file.

Game seed: 7315722512699828423, levelgen mode: deterministic

378 Aronfury the Skirmisher (level 6, -2/57 HPs)
             Began as a Minotaur Berserker on Oct 25, 2019.
             Was a Priest of Trog.
             Killed from afar by an orc wizard (4 damage)
             ... with a magic dart
             ... on level 4 of the Dungeon.
             The game lasted 00:18:20 (3085 turns).

Aronfury the Skirmisher (Minotaur Berserker)        Turns: 3085, Time: 00:18:23

Health: -2/57      AC: 11    Str: 22    XL:     6   Next: 45%
Magic:  5/5        EV:  7    Int:  4    God:    Trog [***...]
Gold:   135        SH:  0    Dex: 11    Spells: 5/5 levels left

rFire    . . .     SeeInvis .   a - +0 falchion
rCold    . . .     Gourm    .   (no shield)
rNeg     . . .     Faith    .   e - +0 plate armour
rPois    .         Spirit   .   (helmet restricted)
rElec    .         Reflect  .   (no cloak)
rCorr    .         Harm     .   (no gloves)
MR       .....                  (no boots)
Stlth    ..........             (no amulet)
HPRegen  0.19/turn              (no ring)
MPRegen  0.09/turn              (no ring)

@: lethally poisoned (-2 -> -4), berserk cooldown, slowed, drained, very slow
A: retaliatory headbutt, horns 2
a: Berserk, Trog's Hand, Renounce Religion


You were on level 4 of the Dungeon.
You worshipped Trog.
Trog was most pleased with you.
You were not hungry.

You visited 1 branch of the dungeon, and saw 4 of its levels.

You collected 135 gold pieces.

Inventory:

Hand Weapons
 a - a +0 falchion (weapon)
Armour
 d - a +1 cloak
 e - a +0 plate armour (worn)
Jewellery
 l - a +3 amulet of reflection {unknown}
 p - an uncursed amulet of the gourmand {unknown}
 q - an uncursed amulet of guardian spirit {unknown}
Scrolls
 b - a scroll of amnesia {unknown}
 f - 3 scrolls of identify {unknown}
 g - 2 scrolls of teleportation {unknown}
 j - 2 scrolls of fog {unknown}
 m - a scroll of remove curse {unknown}
 n - 2 scrolls of magic mapping {unknown}
 s - a scroll of fear {unknown}
 y - a scroll of enchant weapon {unknown}
Potions
 h - a potion of haste {unknown}
 i - a potion of curing {unknown}
 k - a potion of mutation {unknown}
 o - a potion of ambrosia {unknown}
 r - a potion of resistance {unknown}
 t - a potion of flight {unknown}
 v - a potion of cancellation {unknown}
 w - a potion of agility {unknown}
 x - a potion of heal wounds {unknown}
Comestibles
 c - 2 rations


   Skills:
 - Level 6.2(5.2) Fighting
 - Level 3.6(2.6) Long Blades
 * Level 4.8(3.9) Armour
 - Level 4.1(3.2) Dodging
 + Level 1.2(0.3) Stealth


You had 5 spell levels left.
You didn't know any spells.
Your spell library was empty.

Dungeon Overview and Level Annotations

Branches:
Dungeon (4/15)
 Temple: D:4-7

Altars:
Ru
Trog


Innate Abilities, Weirdness & Mutations

You reflexively headbutt those who attack you in melee.
You have a pair of horns on your head.


Message History

You feel yourself slow down.
* * * LOW HITPOINT WARNING * * *
You feel sick. Something hits you but does no damage.
You hit something.
* * * LOW HITPOINT WARNING * * *
You feel sick.
Something hits you but does no damage. x2
You hit something.
* * * LOW HITPOINT WARNING * * *
You feel sick.
You hear some strange, mumbled words.
A magic dart appears from out of thin air!
The magic dart hits you but does no damage.
Your plate armour prevents you from hitting something.
You headbutt something.
* * * LOW HITPOINT WARNING * * *
You feel sick.
You hear some strange, mumbled words.
A magic dart appears from out of thin air!
The magic dart hits you.
You die...

#.# #.####
#.##.. #.##.#
#.##.# #.##.#
#.##.#
###.##.####...
#...†{@.......
#.####)##.#%.#
#(#.....# #
#...[.#
#.....#
#.....#
#.....#
###.### #.


There were no monsters in sight!

Vanquished Creatures
  An ogre (D:4)
  A scorpion (D:4)
  An orc priest (D:4)
  Terence (D:2)
  Robin (D:2)
  5 adders (D:2)
  A river rat (D:3)
  3 gnolls (D:2)
  An ooze (D:2)
  2 worms (D:2)
  2 dart slugs
  A leopard gecko (D:1)
  3 orcs
  2 ball pythons
  6 giant cockroaches
  15 goblins
  11 hobgoblins
  8 bats
  3 frilled lizards
  10 kobolds
  7 rats
  2 plants (D:2)
87 creatures vanquished.

Notes
Turn   | Place    | Note
-------+----------+-------------------------------------------
     0 | D:1      | Aronfury the Minotaur Berserker began the quest for the
                  | Orb.
     0 | D:1      | Reached XP level 1. HP: 19/19 MP: 0/0
    88 | D:1      | Reached skill level 4 in Fighting
   195 | D:1      | Reached XP level 2. HP: 27/27 MP: 1/1
   681 | D:2      | Found a sacrificial altar of Ru.
   695 | D:2      | Reached XP level 3. HP: 29/34 MP: 2/2
   709 | D:2      | Reached ** piety under Trog
   823 | D:2      | Noticed Robin
   828 | D:2      | Reached skill level 5 in Fighting
   854 | D:2      | Reached XP level 4. HP: 23/42 MP: 3/3
   859 | D:2      | Killed Robin
   881 | D:2      | Reached skill level 1 in Stealth
  1454 | D:2      | Reached XP level 5. HP: 31/50 MP: 4/4
  1462 | D:2      | Reached skill level 6 in Fighting
  2099 | D:2      | Noticed Terence
  2121 | D:2      | Killed Terence
  2252 | D:3      | Found a glowing drain.
  2265 | D:3      | Reached *** piety under Trog
  2524 | D:3      | Found a bloodstained altar of Trog.
  3064 | D:4      | Noticed an ogre
  3074 | D:4      | Killed an ogre
  3074 | D:4      | Reached XP level 6. HP: 26/57 MP: 5/5
  3085 | D:4      | HP: 2/57 [poisoned by a scorpion]
  3085 | D:4      | Killed from afar by an orc wizard

Levels and vault maps discovered:
D:1:      dpeg_arrival_simpleton_b, layout_loops_ring
D:2:      layout_rooms, serial_bayou, serial_bayou_pond_b, serial_bayou_ford_a,
          serial_bayou_pond_b, serial_bayou_pond_e, serial_bayou_shore_a,
          serial_bayou_shore_b, grunt_ministairs_9, nicolae_ru_awakened_eye,
          uniq_robin, uniq_terence
D:3:      layout_loops_ring, lemuel_round_altar, portal_sewer_entry_a
D:4:      layout_loops_ring, serial_shops, nicolae_shop_trees,
          hangedman_decor_clover_reticule, minmay_fire_ice_demons

Skill      XL: |  1  2  3  4  5 |
---------------+----------------+-----
Fighting       | 4 5 6 |  6.2
Dodging        | 3 4 |  4.1
Stealth        | 1 |  1.2
Armour         | 4 |  4.8
Long Blades    | |  3.6

Action                   |  1- 3 |  4- 6 || total
-------------------------+-------+-------++-------
Melee: Falchion          |   105 |   174 ||   279
       Headbutt          |    19 |    32 ||    51
Invok: Berserk           |       |     3 ||     3
       Trog's Hand       |       |     1 ||     1
  Eat: Chunk             |       |     4 ||     4
       Ration            |       |     2 ||     2
Armor: Plate armour      |    95 |   111 ||   206
Dodge: Dodged            |    43 |    62 ||   105
       Rpst.: Falchion   |    10 |    16 ||    26
